 Dungeon Crawl Stone Soup version 0.32-a0-534-ga61f84b8bd (webtiles) character file.

Game seed: 18154757768204424220

1 CrazyBamboolord the Grave Robber (level 1, 0/14 HPs)
             Began as a Mountain Dwarf Necromancer on Feb 28, 2024.
             Slain by a quokka (1 damage)
             ... on level 1 of the Dungeon.
             The game lasted 00:00:56 (131 turns).

CrazyBamboolord the Grave Robber (MDNe)              Turns: 131, Time: 00:00:56

Health: 0/14       AC:  2    Str: 10    XL:     1   Next: 16%
Magic:  0/3        EV: 11    Int: 15    God:
Gold:   0          SH:  0    Dex: 10    Spells: 2/3 levels left

rFire   . . .        c - +0 dagger
rCold   . . .        (no shield)
rNeg    . . .        a - +0 robe
rPois   .            (no helmet)
rElec   .            (no cloak)
rCorr   .            (no gloves)
SInv    .            (no boots)
Will    .....        (no amulet)
Stlth   ++           (no ring)
HPRegen 0.22/turn    (no ring)
MPRegen 0.08/turn

%: no passive effects
@: no status effects
A: runic magic, artefact enchanting
a: no special abilities


You were on level 1 of the Dungeon.
You visited 1 branch of the dungeon, and saw 1 of its levels.

Inventory:

Hand Weapons
 c - a +0 dagger (weapon)
Armour
 a - a +0 robe (worn)
Potions
 b - a potion of magic


   Skills:
 * Level 0.1 Fighting
 * Level 0.2 Armour
 - Level 1.3 Dodging
 - Level 1.4 Stealth
 + Level 1.7 Spellcasting
 + Level 4.3 Necromancy


You had 2 spell levels left.
You knew the following spells:

 Your Spells              Type           Power      Damage    Failure   Level
a - Necrotise             Necr           56%        1d6       3%          1

Your spell library contained the following spells:

 Spells                   Type           Power      Damage    Failure   Level
 Vampiric Draining        Necr           14%        2d7       11%         3
 Animate Dead             Necr           14%        N/A       36%         4
 Curse of Agony           Necr           14%        N/A       71%         5


Dungeon Overview and Level Annotations

Branches:
Dungeon (1/15)

Altars:


Innate Abilities, Weirdness & Mutations

Your spellcasting is much less encumbered by armour.
You can use scrolls of enchantment on lesser artefacts.


Message History

You see here a +0 dagger.
c - a +0 dagger
c - a +0 dagger (weapon)
Your magical contamination has completely faded away.
Magic restored.
A rat comes into view.
A rat is nearby!
A rat is nearby!
Your goblin skeleton crumbles into dust!
You can't see any susceptible monsters within range! (Use Z to cast anyway.)
Found a stone staircase leading down.
The rat squeaks loudly.
The rat writhes in agony.
You kill the rat!
The dead are walking!
A quokka comes into view.
The quokka writhes in agony.
A gnoll comes into view. It is wielding a +0 whip.
There are monsters nearby!
The quokka writhes in agony.
The gnoll hits your rat skeleton with a +0 whip!
Your rat skeleton is destroyed!
You are out of magic!
You completely miss the quokka.
The quokka is almost dead.
The quokka misses you.
You closely miss the quokka.
The quokka is almost dead.
The quokka barely misses you.
You miss the quokka.
The quokka is almost dead.
The quokka barely misses you. The gnoll hits you with a +0 whip.
The quokka barely misses you. The gnoll attacks as it pursues you!
The gnoll barely misses you. The gnoll attacks as it pursues you!
The gnoll hits you with a +0 whip.
* * * LOW HITPOINT WARNING * * *
The gnoll attacks as it pursues you! The gnoll hits you with a +0 whip.
* * * LOW HITPOINT WARNING * * *
The quokka bites you.
You die...

♣♣ ♣♣♣♣♣♣ ≈ ♣♣.♣
♣♣♣♣....♣♣♣
≈≈♣...♣♣♣♣.....♣...♣♣
♣≈≈≈...♣.....♣♣♣♣♣..#
♣≈≈≈...♣♣♣♣♣ ♣..## ♣♣≈≈≈~♣♣
♣♣..# ♣♣♣≈~~♣♣♣ ♣♣♣.#######
♣♣♣..≈~≈♣♣♣♣♣♣.........#
♣♣♣...♣♣~♣♣♣..r@.#.........
♣♣...♣♣♣
♣♣?...g###.......## ♣.♣♣♣♣
♣♣.....# #######.# .♣♣
♣♣♣....### # ♣♣ ♣.....##
♣.♣.......... ♣...###.#....
...... ...... ..... #... .


You could see a gnoll and a quokka.

Vanquished Creatures
  A goblin (D:1)
  A rat (D:1)
2 creatures vanquished.

Notes
Turn   | Place    | Note
-------+----------+-------------------------------------------
     0 | D:1      | CrazyBamboolord the Mountain Dwarf Necromancer began the
                  | quest for the Orb.
     0 | D:1      | Reached XP level 1. HP: 14/14 MP: 3/3
   131 | D:1      | Slain by a quokka

Illustrated notes

Levels and vault maps discovered:
D:1:      kilobyte_arrival_exit_the_forest, layout_basic

Action                     || total
---------------------------++-------
  Melee: Dagger            ||     3
   Cast: Necrotise         ||     4
 Armour: Robe              ||     4
  Dodge: Dodged            ||     5

Table legend: (Time is in decaauts)
 A = Elapsed time spent in this place.
 B = Non-inter-level travel time spent in this place.
 C = Inter-level travel time spent in this place.
 D = Time resting spent in this place.
 E = Time spent auto-exploring this place.
 F = Levels seen in this place.
 G = Mean time per level.
                   A        B        C        D        E       F      G
               +--------+--------+--------+--------+--------+-----+--------+
         Total |    131 |    131 |      0 |      0 |    109 |   1 |  131.0 |
       Dungeon |    131 |    131 |      0 |      0 |    109 |   1 |  131.0 |
               +--------+--------+--------+--------+--------+-----+--------+

Top non-repeatable levels by time:
     D:1: 131 daAuts
